 Dungeon Crawl Stone Soup version 0.17.2-1-ge4368a0 (webtiles) character file.

56863 Goblin1989 the Grappler (level 14, -5/111 HPs)
             Began as a Demonspawn Fighter on Sept 21, 2016.
             Was an Initiate of Gozag.
             Slain by a spiny frog (19 damage)
             ... on level 8 of the Lair of Beasts on Sept 22, 2016.
             The game lasted 01:33:35 (19150 turns).

Goblin1989 the Grappler (Demonspawn Fighter)       Turns: 19150, Time: 01:33:35

Health: -5/111     AC: 25    Str: 21    XL:     14   Next: 43%
Magic:  10/10      EV:  6    Int: 10    God:    Gozag
Gold:   4640       SH: 14    Dex: 14    Spells: 1 memorised, 8 levels left

rFire  + + .     SeeInvis .     a - +9 flail of Idae {crush, rElec rC+++ Dex-2 Stlth-}
rCold  + + +     Clarity  .     c - +0 plate armour
rNeg   . . .     SustAt   .     Z - +2 shield of Resistance {rF+ rC+ MR+}
rPois  .         Gourm    .     P - +2 hat {MR+}
rElec  +         Spirit   .     N - +0 cloak
rCorr  .         Warding  .     (no gloves)
rMut   .         Stasis   .     k - +0 pair of boots
MR     +++..                    E - amulet of regeneration
Stlth  ..........               K - ring "Juwneof" {Wiz rF+ rC++ MP-9 Dex+3}
                                (no ring)

@: lethally poisoned (-5 -> -6), extremely resistant to hostile enchantments,
extremely unstealthy
A: claws 2, iridescent scales 2, foul stench 1, spiny 1, rot immunity
a: Potion Petition, Call Merchant, Bribe Branch, Renounce Religion


You were on level 8 of the Lair of Beasts.
You worshipped Gozag.
Gozag was noncommittal.
You were not hungry.

You visited 2 branches of the dungeon, and saw 19 of its levels.
You also visited: Labyrinth.

You collected 6084 gold pieces.
You spent 390 gold pieces at shops.
You paid 1054 gold pieces to Gozag.

Inventory:

Hand Weapons
 a - the +9 flail of Idae (weapon) {crush, rElec rC+++ Dex-2 Stlth-}
   (You found it on level 4 of the Lair of Beasts)

   It inflicts extra damage upon your enemies.
   It affects your dexterity (-2).
   It renders you almost immune to cold.
   It insulates you from electricity.
   It makes you less stealthy.
Missiles
 I - a throwing net (quivered)
Armour
 c - a +0 plate armour (worn)
 k - a +0 pair of boots (worn)
 N - a +0 cloak (worn)
 P - a +2 hat of magic resistance (worn)
 Z - the +2 shield of Resistance (worn) {rF+ rC+ MR+}
   (You found it on level 7 of the Lair of Beasts)

   It protects you from fire.
   It protects you from cold.
   It affects your resistance to hostile enchantments.
Rods
 l - a +3 rod of clouds (12/12)
   (You took it off a minotaur in a labyrinth)
Jewellery
 v - a +4 ring of protection
 E - an amulet of regeneration (around neck)
 K - the ring "Juwneof" (right claw) {Wiz rF+ rC++ MP-9 Dex+3}
   (You took it off a minotaur in a labyrinth)

   [ring of wizardry]

   It improves your spell success rate.
   It affects your dexterity (+3).
   It protects you from fire.
   It greatly protects you from cold.
   It affects your magic capacity (-9).
Wands
 d - a wand of teleportation (3)
 h - a wand of draining (8)
 s - a wand of disintegration (9)
 C - a wand of heal wounds (0)
 V - a wand of disintegration (15)
 Y - a wand of teleportation (4)
Scrolls
 f - 5 scrolls of remove curse
 p - 3 scrolls of recharging
 q - 5 scrolls of blinking
 r - a scroll of brand weapon {unknown}
 t - a scroll of torment {unknown}
 u - 5 scrolls of magic mapping
 w - 10 scrolls of teleportation
 y - 4 scrolls of enchant armour
 z - 4 scrolls of immolation
 B - a scroll of vulnerability {unknown}
 G - a scroll of silence {unknown}
 J - 3 scrolls of fear
 M - 2 scrolls of fog
 Q - a scroll of enchant weapon
 R - a scroll of summoning
Potions
 b - a potion of agility
 g - 9 potions of curing
 i - 3 potions of ambrosia
 j - a potion of might
 m - a potion of brilliance
 o - 2 potions of cancellation
 x - 2 potions of lignification
 A - a potion of resistance
 D - 2 potions of invisibility
Books
 F - Dibra's Collected Works on Arcane Weapons and Curses
   (You found it on level 8 of the Lair of Beasts)

   Spells                             Type                      Level
   a - Searing Ray                    Conjuration                  2
   b - Confuse                        Hexes                        3
   c - Cause Fear                     Hexes                        4
   d - Iskenderun's Battlesphere      Conjuration/Charms           5
   e - Freezing Cloud                 Conjuration/Ice/Air          6
Comestibles
 e - 10 bread rations
 n - a meat ration
 H - 7 beef jerkies
 L - a slice of pizza


   Skills:
 + Level 10.9 Fighting
 - Level 8.7 Maces & Flails
 + Level 10.2 Armour
 * Level 10.1 Shields
 + Level 13.0 Unarmed Combat
 + Level 6.7 Evocations


You had 8 spell levels left.
You knew the following spells:

 Your Spells              Type           Power        Failure   Level  Hunger
a - Phase Shift           Tloc           #.........   100%        5    ######.


Dungeon Overview and Level Annotations

Branches:
Dungeon (11/15)              Lair (8/8) D:9           Swamp (0/4) Lair:6
 Spider (0/4) Lair:6        Slime (0/6) Lair:7          Orc (0/4) D:9
 Temple: D:4-7

Altars:
Dithmenos
Gozag
Makhleb
Okawaru
Vehumet
Yredelemnul
Zin
The Shining One

Shops:
D:5 =

Annotations:
D:6 Grinder


Innate Abilities, Weirdness & Mutations

You have very sharp fingernails.
You are mostly covered in iridescent scales (AC +6).
You may emit foul miasma when damaged in melee.
You are partially covered in sharp spines.
You are immune to rotting.


Message History

You see here 3 gold pieces.
You closely miss the spiny frog.
You feel sick. You block the spiny frog's attack.
You hit the spiny frog.
The spiny frog is lightly wounded.
The spiny frog stings you!
* * * LOW HITPOINT WARNING * * *
You take 13 damage, and have 13/111 hp.
You bludgeon the spiny frog!!
The spiny frog is almost dead.
The spiny frog closely misses you.
Unknown command.
Drink which item? (? for menu, Esc to quit)
Okay, then.
Evoke which item? (* to show all) (? for menu, Esc to quit)
Zapping:
C - a wand of heal wounds {zapped: 8} (will waste charges)
Press: ? - help, Shift-Dir - straight line, f - you Nothing appears to happen.
The spiny frog stings you!!
You die...
Your body crumbles into a pile of gold.

♣ ♣♣♣ ♣♣♣.......♣ ♣!..
♣♣......♣♣ ♣ .....
♣.......♣♣ ♣♣♣ ....♣♣
♣♣♣♣♣.♣.)♣♣♣♣♣♣♣♣.. ....♣♣
♣♣♣♣♣)).♣...... ♣$.♣♣♣
♣♣♣......♣. ♣...♣♣
♣..♣.♣♣.♣ ♣♣..$♣♣♣
♣..♣♣♣♣.. ♣♣♣F@.♣♣♣♣♣...♣♣
♣... ♣ ♣♣♣♣......♣♣♣ ♣..[
♣. ♣♣♣.....♣♣ ♣♣.. ..♣♣
♣♣♣....♣♣♣♣ ♣♣♣
♣..♣♣....♣♣♣ ♣♣♣♣♣♣
♣.......♣ ♣♣♣.....
♣♣♣.....♣♣♣ ♣♣♣.......
♣.......♣♣♣ ♣♣♣♣.........
♣....♣.♣...♣♣♣....♣♣......


You could see a spiny frog (frenzied).

Vanquished Creatures
  Maud (Lair:5)
  A minotaur (Lab)
  Snorg (Lair:5)
  2 hydras
  A catoblepas (Lair:8)
  9 death yaks
  11 spriggans (Lair:8)
  A fire crab (Lair:8)
  2 hill giants (D:11)
  A griffon (Lair:8)
  10 elephants
  3 black mambas
  14 spiny frogs
  6 gargoyles
  3 centaur skeletons
  7 komodo dragons
  5 fire drakes
  A spriggan druid (Lair:8)
  A troll (D:9)
  6 polar bears
  9 blink frogs
  A trapdoor spider zombie (D:11)
  A two-headed ogre (D:11)
  A wyvern (Lair:5)
  A shadow (Lab)
  2 centaur simulacra (D:10)
  A wraith (D:10)
  4 redbacks (Lair:8)
  9 hippogriffs
  49 yaks
  5 hungry ghosts
  2 basilisks
  15 water moccasins
  Menkaure (D:4)
  34 wolves
  6 swamp worms (Lair:6)
  3 orc warriors
  3 wasps (Lair:8)
  6 ice beasts
  7 porcupines
  3 sky beasts
  3 black bears
  2 phantoms
  9 crocodiles
  7 ogres
  3 centaurs
  A wyvern zombie (D:11)
  14 giant frogs
  4 scorpions
  A troll skeleton (Lab)
  9 killer bees
  2 spriggan skeletons (Lab)
  A wight (D:10)
  A quasit (D:9)
  An electric eel (Lair:6)
  5 crimson imps
  10 hounds
  10 orc priests
  4 giant frog skeletons
  12 orc wizards
  11 iguanas
  11 sheep
  7 worker ants
  A giant frog simulacrum (D:10)
  An ogre skeleton (Lab)
  A hound zombie (D:10)
  A hound skeleton (D:4)
  Robin (D:4)
  17 adders
  4 gnolls (D:4)
  50 river rats
  5 white imps (D:10)
  3 worms
  An adder skeleton (D:7)
  3 giant geckos
  63 orcs
  2 ball pythons
  4 giant cockroaches
  17 goblins
  15 hobgoblins
  10 jackals
  A quokka (D:6)
  8 bats
  4 giant newts
  A jackal zombie (D:9)
  10 kobolds
  7 rats
  A fungus (Lair:7)
608 creatures vanquished.

Vanquished Creatures (others)
  8 fungi
  7 plants
15 creatures vanquished.

Grand Total: 623 creatures vanquished

Notes
Turn   | Place    | Note
--------------------------------------------------------------
     0 | D:1      | Goblin1989 the Demonspawn Fighter began the quest for the Orb.
     0 | D:1      | Reached XP level 1. HP: 18/18 MP: 1/1
   246 | D:1      | Gained mutation: You are partially covered in sharp spines. [demonic ancestry]
   246 | D:1      | Reached XP level 2. HP: 22/24 MP: 2/2
   887 | D:2      | Gained mutation: You are partially covered in iridescent scales (AC +4). [demonic ancestry]
   887 | D:2      | Reached XP level 3. HP: 19/29 MP: 3/3
  1043 | D:2      | Found a faded altar to an unknown god.
  1093 | D:2      | Found an iron altar of Okawaru.
  1189 | D:2      | Reached XP level 4. HP: 30/35 MP: 4/4
  1200 | D:2      | Reached skill level 4 in Maces & Flails
  1558 | D:2      | Found an opulent altar of Gozag.
  1559 | D:2      | Found a glowing silver altar of Zin.
  1576 | D:2      | Became a worshipper of Gozag Ym Sagoz the Greedy
  1816 | D:3      | Reached XP level 5. HP: 21/41 MP: 5/5
  1842 | D:3      | Reached skill level 5 in Maces & Flails
  2606 | D:4      | Gained mutation: You are immune to rotting. [demonic ancestry]
  2606 | D:4      | Reached XP level 6. HP: 47/47 MP: 6/6
  2694 | D:4      | Reached skill level 6 in Maces & Flails
  2729 | D:4      | Noticed Robin
  2733 | D:4      | crauler: жалкий гой, тебе же ничего не достанется
  2756 | D:4      | Killed Robin
  3037 | D:4      | crauler: а тридент
  3037 | D:4      | Goblin1989: ???
  3037 | D:4      | Goblin1989: это было обидно...
  3037 | D:4      | crauler: ну деньги то в итоге получит гозаг
  3045 | D:4      | Goblin1989: ааа
  3045 | D:4      | Goblin1989: ты вон о чем
  3045 | D:4      | Goblin1989: ну зато мне интересно
  3046 | D:4      | Got an encrusted trident {drain}
  3047 | D:4      | Identified the +5 trident of the Coward {drain, *Corrode rN+ Str+6} (You took it off an orc on level 4 of the Dungeon)
  3048 | D:4      | crauler: я бы походил
  3049 | D:4      | Goblin1989: не
  3049 | D:4      | Goblin1989: я же с гозагом
  3049 | D:4      | Goblin1989: либо я руп, либо я наколдую себе вепон стоящий
  3049 | D:4      | Goblin1989: *труп
  3051 | D:4      | crauler: а чем трезубец помешает?
  3051 | D:4      | Goblin1989: опыт
  3051 | D:4      | Goblin1989: мне не хочется перекачиваться
  3051 | D:4      | Goblin1989: этот вип сойдет
  3125 | D:4      | Noticed Menkaure
  3126 | D:4      | crauler: так не перекачивайся, хотя с элеком похуй
  3158 | D:4      | Killed Menkaure
  3294 | D:4      | Reached skill level 7 in Maces & Flails
  3294 | D:4      | Gained mutation: You are mostly covered in iridescent scales (AC +6). [demonic ancestry]
  3294 | D:4      | Reached XP level 7. HP: 52/52 MP: 7/7
  3676 | D:5      | Entered Level 5 of the Dungeon
  3906 | D:5      | Reached skill level 8 in Maces & Flails
  4314 | D:5      | Found Jaupt's Jewellery Shoppe.
  4332 | D:5      | Bought an uncursed amulet of regeneration for 390 gold pieces
  4627 | D:6      | Gained mutation: You have sharp fingernails. [demonic ancestry]
  4627 | D:6      | Reached XP level 8. HP: 58/58 MP: 8/8
  4629 | D:6      | Goblin1989: ой бляяяяя
  4629 | D:6      | Goblin1989: когти
  4629 | D:6      | Goblin1989: не
  4629 | D:6      | Goblin1989: на
  4629 | D:6      | Goblin1989: ви
  4629 | D:6      | Goblin1989: жу
  4629 | D:6      | Goblin1989: !
  4701 | D:6      | Reached skill level 1 in Unarmed Combat
  4771 | D:6      | ololoev: !decentplayer goblin1989
  4771 | D:6      | beem: goblin1989 is not a decent player. 1 oneandwon wins (9 to go).
  4771 | D:6      | Goblin1989: это что значит?
  4771 | D:6      | ololoev: go go gobbo!
  4771 | D:6      | beem: adder (S)
                  | Spd: 13 (swim: 60%)
                  | HD: 2
                  | HP: 9-13
                  | AC/EV: 1/15
                  | Dam: 5(poison:4-8)
                  | amphibious, cold-blooded
                  | Res: magic(10), drown
                  | XP:
    13 | Sz: little | Int: animal.
  4771 | D:6      | ololoev: ??oneandwon
  4771 | D:6      | beem: oneandwon[1/1]: win a race/class combo the first time you play it
  4771 | D:6      | ololoev: те кто сделал 10 oneandwon-ов получают титул decent player
  4771 | D:6      | Goblin1989: ничего не понял, ну да ладно
  4771 | D:6      | Goblin1989: я хочу сделать всех демонспавнов
  4779 | D:6      | Noticed Grinder
  4815 | D:6      | Paralysed by Grinder for 5 turns
  4932 | D:7      | Found an opulent altar of Gozag.
  4945 | D:7      | ololoev: !greatrace ds goblin
  4950 | D:7      | ololoev: !greatrace ds goblin1989
  4951 | D:7      | Found a basalt altar of Yredelemnul.
  4952 | D:7      | beem: Unwon demonspawns for goblin: DsAE, DsAK, DsAM, DsAr, DsAs, DsBe, DsCj, DsCK, DsEE, DsEn, DsFE, DsFi, DsGl, DsHu, DsIE, DsMo, DsNe, DsSk, DsSu, DsTm, DsVM, DsWn, DsWr, DsWz
  4952 | D:7      | beem: Unwon demonspawns for goblin1989: DsAE, DsAK, DsAM, DsAr, DsAs, DsCj, DsCK, DsEE, DsEn, DsFi, DsHu, DsIE, DsMo, DsNe, DsSk, DsSu, DsTm, DsVM, DsWn, DsWr, DsWz
  5077 | D:7      | Found a glowing golden altar of the Shining One.
  5827 | D:8      | Reached XP level 9. HP: 65/65 MP: 9/9
  5835 | D:8      | Found a burning altar of Makhleb.
  5844 | D:8      | Found a shadowy altar of Dithmenos.
  6025 | D:8      | Learned a level 5 spell: Phase Shift
  6127 | D:8      | Found a glowing silver altar of Zin.
  6496 | D:9      | Reached skill level 5 in Fighting
  6496 | D:9      | Reached skill level 5 in Unarmed Combat
  6674 | D:9      | Found a staircase to the Orcish Mines.
  6855 | D:9      | Reached skill level 5 in Armour
  6884 | D:9      | Reached skill level 5 in Shields
  7056 | D:9      | Reached XP level 10. HP: 75/75 MP: 10/10
  7071 | D:9      | Found a staircase to the Lair.
  7453 | D:9      | Noticed a hill giant
  7613 | D:10     | Entered Level 10 of the Dungeon
  8640 | D:10     | Gained mutation: You may emit foul miasma when damaged in melee. [demonic ancestry]
  8640 | D:10     | Reached XP level 11. HP: 84/84 MP: 11/11
  9118 | D:11     | Noticed a hill giant
  9129 | D:11     | Killed a hill giant
  9176 | D:11     | Noticed a hill giant
  9191 | D:11     | Killed a hill giant
  9191 | D:11     | Reached skill level 9 in Unarmed Combat
  9816 | Lair:1   | Entered Level 1 of the Lair of Beasts
  9859 | Lair:1   | Found a labyrinth entrance.
  9864 | Lab      | Entered a labyrinth
  9942 | Lab      | Got a sparkling golden ring
 10156 | Lab      | Noticed a minotaur
 10184 | Lab      | Killed a minotaur
 10184 | Lab      | Reached skill level 10 in Unarmed Combat
 10186 | Lab      | Got a vibrating pewter ring
 10202 | Lab      | Got a pitted zirconium amulet
 10202 | Lab      | Identified the Guide on Bewitchment
 10203 | Lab      | Got a twisted falchion
 10204 | Lab      | Identified the +1 falchion of Zipumm {elec, *Confuse +Inv rF++ Stlth+} (You found it in a labyrinth)
 10282 | Lair:1   | Identified a +4 rod of clouds (10/10) (You found it in a labyrinth)
 10283 | Lair:1   | Identified a +3 rod of clouds (9/9) (You found it in a labyrinth)
 10284 | Lair:1   | Identified a +3 rod of clouds (7/12) (You took it off a minotaur in a labyrinth)
 10288 | Lair:1   | Identified the amulet "Xuatt" {Gourm MP+9} (You found it in a labyrinth)
 10295 | Lair:1   | Identified the ring of Dogma {+Inv MP+9} (You found it in a labyrinth)
 10297 | Lair:1   | Identified the ring "Juwneof" {Wiz rF+ rC++ MP-9 Dex+3} (You took it off a minotaur in a labyrinth)
 10571 | Lair:1   | Reached XP level 12. HP: 82/94 MP: 3/12
 10705 | Lair:1   | Reached skill level 1 in Evocations
 11171 | Lair:2   | Noticed an eight-headed hydra
 11189 | Lair:2   | Killed an eight-headed hydra
 11200 | Lair:2   | Found a radiant altar of Vehumet.
 12208 | Lair:3   | Noticed a seven-headed hydra
 12223 | Lair:3   | Killed a seven-headed hydra
 13066 | Lair:4   | Got a transparent flail
 13067 | Lair:4   | Identified the +9 flail of Idae {crush, rElec rC+++ Dex-2 Stlth-} (You found it on level 4 of the Lair of Beasts)
 13111 | Lair:4   | Reached skill level 11 in Unarmed Combat
 13999 | Lair:4   | Reached XP level 13. HP: 101/101 MP: 7/16
 14596 | Lair:5   | Noticed Snorg
 14755 | Lair:5   | Noticed Maud
 14787 | Lair:5   | Killed Maud
 15079 | Lair:5   | Killed Snorg
 15207 | Lair:5   | Reached skill level 12 in Unarmed Combat
 15207 | Lair:5   | Reached skill level 5 in Evocations
 15758 | Lair:6   | Reached skill level 10 in Fighting
 16439 | Lair:6   | Found a hole to the Spider Nest.
 16712 | Lair:6   | Found a staircase to the Swamp.
 17171 | Lair:7   | Found a staircase to the Slime Pits.
 17826 | Lair:8   | Entered Level 8 of the Lair of Beasts
 18286 | Lair:8   | Gained mutation: You have very sharp fingernails. [demonic ancestry]
 18286 | Lair:8   | Reached XP level 14. HP: 111/111 MP: 9/18
 18402 | Lair:8   | Reached skill level 10 in Armour
 18403 | Lair:8   | Soeti: шифани
 18462 | Lair:8   | Soeti: щит охуенный. Тиер три какие?
 18464 | Lair:8   | Soeti: Походу пока никаких
 18464 | Lair:8   | Goblin1989: либо еще нет, дибо хеллфаер
 18464 | Lair:8   | Goblin1989: ю имунэ ту роттинг
 18464 | Lair:8   | Goblin1989: а не
 18464 | Lair:8   | Goblin1989: это тир два
 18464 | Lair:8   | Goblin1989: миазма же
 18464 | Lair:8   | Goblin1989: хотя погодь
 18464 | Lair:8   | Soeti: Ну, это не реген с трупов или ауг
 18464 | Lair:8   | Goblin1989: нет тир три
 18464 | Lair:8   | Soeti: Ладно, я спать пошел, бо немогу уже.
 18464 | Lair:8   | Soeti: гг
 18464 | Lair:8   | Goblin1989: хелфайер забавный
 18464 | Lair:8   | Goblin1989: удачи
 18780 | Lair:8   | Identified 2 scrolls of acquirement
 18822 | Lair:8   | Reached skill level 13 in Unarmed Combat
 19056 | Lair:8   | Identified Dibra's Collected Works on Arcane Weapons and Curses
 19074 | Lair:8   | Reached skill level 10 in Shields
 19150 | Lair:8   | Slain by a spiny frog

Action                   |  1- 3 |  4- 6 |  7- 9 | 10-12 | 13-15 || total
-------------------------+-------+-------+-------+-------+-------++-------
Melee: Flail             |    64 |    63 |       |   110 |   585 ||   822
       Whip              |       |    63 |   422 |   771 |       ||  1256
       Unarmed           |       |       |       |   235 |    51 ||   286
Invok: Potion Petition   |       |       |       |     1 |     3 ||     4
Evoke: Wand              |       |       |     7 |     6 |     4 ||    17
       Rod               |       |       |       |     2 |     2 ||     4
  Use: Potion            |       |       |     1 |     5 |     4 ||    10
       Scroll            |       |       |       |    21 |    17 ||    38
 Stab: Distracted        |       |     1 |     1 |     7 |    10 ||    19
       Invisible         |       |       |       |       |     9 ||     9
  Eat: Chunk             |     1 |       |       |       |       ||     1
       Fruit             |       |     4 |     5 |     3 |       ||    12
       Pizza             |       |     2 |     1 |     1 |       ||     4
       Meat ration       |       |       |     2 |     5 |     5 ||    12
       Royal jelly       |       |       |     1 |     1 |       ||     2
       Bread ration      |       |       |       |     1 |       ||     1
